AoeStats
← lapskaus

Arena

509891498Analyzed
1v1 RM · 4d ago on Sep 28, 2026· 32m 7s· 2 players
Game mode
Random Map
Map size
Tiny (2 player)
Population
200
Speed
Normal
Resources
Standard
Victory
Conquest
Starting age
Dark Age
Ending age
Imperial Age
RankedLock teamsTeams togetherTeam positionsShared explorationLock speedFull tech treeHidden civsTurbo modeCheats
Victory
Defeat
🇦🇷 Bohemians · Argentina
1048
+16
🇳🇴 Slavs · Norway
1039
-16
lapskaus
11:21 Feudal Age
15:22 Castle Age
13:19 Double-Bit Axe
14:22 Forging
14:33 Horse Collar
16:50 Bow Saw
17:28 Wheelbarrow
17:35 Wheelbarrow
17:27 Man-at-Arms
19:02 Heavy Plow
20:11 Loom
22:10 Hand Cart
22:38 Long Swordsman
23:21 Scale Mail Armor
25:06 Gold Mining
26:11 Chain Mail Armor
26:33 Iron Casting
26:02 Fletching
26:46 Elite Skirmisher
29:39 Bodkin Arrow
Danger
10:07 Feudal Age
14:31 Castle Age
12:30 Double-Bit Axe
20:45 Fletching
24:49 Husbandry
25:34 Wheelbarrow
29:39 Imperial Age
27:10 Pikeman
27:37 Horse Collar
29:03 Sanctity
28:50 Squires
29:16 Scale Mail Armor
29:13 Bodkin Arrow
30:40 Hussite Reforms
30:08 Halberdier
Connection lost

Rejoining the realm…

Still unreachable

The connection could not be restored.

Session expired

The server has moved on; the page needs a fresh start.